 Dungeon Crawl Stone Soup version 0.32-a0-290-g598725c5f2 (webtiles) character file.

Game seed: 12059678213684438317

4899 timneilson the Ruffian (level 10, -3/69 HPs)
             Began as an Octopode Shapeshifter on Feb 13, 2024.
             Was an Initiate of Gozag.
             Slain by a yak (9 damage)
             ... on level 8 of the Dungeon on Feb 14, 2024.
             The game lasted 00:18:29 (8446 turns).

timneilson the Ruffian (Octopode Shapeshifter)      Turns: 8446, Time: 00:18:29

Health: -3/69      AC:  1    Str: 25    XL:     10   Next: 51%
Magic:  0/10       EV: 17    Int: 12    God:    Gozag
Gold:   711        SH:  0    Dex: 17    Spells: 9/9 levels left

rFire   + .          .
                       - Unarmed
rCold   . . .        (no shield)
rNeg    + . .        (helmet currently unavailable)
rPois   .            g - amulet of guardian spirit
rElec   .            z - +6 ring of dexterity
rCorr   .            B - ring of positive energy
SInv    .            x - +6 ring of strength
Will    .....        y - ring of protection from fire
Stlth   +++++        (no ring)
HPRegen 0.31/turn    (no ring)
MPRegen 0.12/turn    (no ring)
                     (no ring)

%: guardian spirit
@: beast-form
A: beast (slay +4), almost no armour, amphibious, 8 rings, camouflage 1,
gelatinous body 1, (nimble swimmer 1), tentacles
a: Begin Untransformation, Renounce Religion, Potion Petition, Call Merchant,
Bribe Branch


You were on level 8 of the Dungeon.
You worshipped Gozag.
Gozag was pleased with you.
You were a hulking beast.
You visited 2 branches of the dungeon, and saw 10 of its levels.

You collected 1058 gold pieces.
You spent 182 gold pieces at shops.
You paid 165 gold pieces to Gozag.

Inventory:

Missiles
 e - 35 poisoned darts (quivered)
 u - a curare-tipped dart
 v - 2 throwing nets
Jewellery
 g - an amulet of guardian spirit (around mantle)
 x - a +6 ring of strength (on tentacle)
 y - a ring of protection from fire (on tentacle)
 z - a +6 ring of dexterity (left tentacle)
 B - a ring of positive energy (right tentacle)
Talismans
 b - a beast talisman (active)
 c - a flux talisman
Wands
 n - a wand of flame (15)
 r - a wand of digging (6)
 t - a wand of charming (16)
Scrolls
 f - 2 scrolls of vulnerability
 m - a scroll of fear
 s - a scroll of enchant weapon
 w - 3 scrolls of immolation
Potions
 a - 3 potions of lignification
 d - 3 potions of might
 h - a potion of attraction
 i - 2 potions of mutation
 j - 4 potions of curing
 k - a potion of berserk rage {unknown}
 l - 2 potions of haste
 o - a potion of heal wounds {unknown}
 p - a potion of brilliance {unknown}
 q - 2 potions of invisibility
 A - a potion of degeneration {unknown}


   Skills:
 * Level 6.9 Fighting
 * Level 7.1 Dodging
 + Level 6.8 Stealth
 * Level 7.6 Unarmed Combat
 + Level 4.3 Evocations
 * Level 7.0 Shapeshifting


You had 9 spell levels left.
You didn't know any spells.
Your spell library contained the following spells:

 Spells                   Type           Power      Damage    Failure   Level
 Shock                    Conj/Air       0%         1d3       32%         1
 Cigotuvi's Dreadful Rot  Necr/Alch/Air  0%         N/A       45%         2
 Jinxbite                 Hex            0%         N/A       45%         2
 Call Canine Familiar     Summ           0%         N/A       69%         3
 Hailstorm                Conj/Ice       0%         3d5       69%         3
 Sigil of Binding         Hex            0%         N/A       69%         3
 Summon Ice Beast         Ice/Summ       0%         N/A       69%         3
 Swiftness                Air            0%         N/A       69%         3
 Airstrike                Air            0%         2d(0-16)  97%         4
 Dimensional Bullseye     Hex/Tloc       0%         N/A       97%         4
 Dispel Undead            Necr           0%         3d6       97%         4
 Martyr's Knell           Necr/Summ      0%         N/A       97%         4
 Yara's Violent Unravell  Hex/Alch       0%         3d3       100%        5
 Death Channel            Necr           0%         N/A       100%        6
 Sculpt Simulacrum        Ice/Alch       0%         N/A       100%        6
 Enfeeble                 Hex            0%         N/A       100%        7


Dungeon Overview and Level Annotations

Branches:
Dungeon (9/15)             Temple (1/1) D:4
   Lair: D:8-11         Orc: D:9-12

Altars:
Ashenzari
Cheibriados
Dithmenos
Elyvilon
Fedhas
Gozag
Hepliaklqana
Kikubaaqudgha
Makhleb
Nemelex Xobeh
Okawaru
Qazlal
Ru
Sif Muna
Uskayaw
Vehumet
Wu Jian
Xom
Yredelemnul
Zin
The Shining One

Shops:
D:7 :?   D:8 *

Annotations:
D:3 1 runed translucent door, Crazy Yiuf


Innate Abilities, Weirdness & Mutations

You are a hulking beast.
Your limbs bulge with bestial killing power. (Slay +4)
You cannot wear most types of armour.
You are amphibious.
You can wear up to eight rings at the same time.
Your skin changes colour to match your surroundings (Stealth+).
Your rubbery body absorbs attacks. (AC +1, EV +1)
((You are camouflaged when in or above water. (Stealth+)))
You have tentacles for arms and can constrict up to eight enemies at once.


Message History

You barely miss the yak. You tentacle-slap the yak.
The yak is lightly wounded.
You tentacle-slap the yak. You squeeze the yak!
The yak is moderately wounded.
The yak gores you.
You bludgeon the yak!
The yak is severely wounded.
The yak gores you.
You barely miss the yak.
The yak is severely wounded.
The yak barely misses you.
You bludgeon the yak! You tentacle-slap the yak.
You kill the yak!
Your Shapeshifting skill increases to level 7!
You closely miss the yak. The yak gores you!
You barely miss the yak. The yak gores you.
The yak is distracted by your dazzling golden aura.
The yak bellows!
You tentacle-slap the yak.
Your tentacle-slap misses the yak.
The yak is lightly wounded.
You tentacle-slap the yak.
The yak is moderately wounded.
The yak gores you!
You tentacle-slap the yak.
The yak is moderately wounded.
The yak gores you!
You batter the yak!! Your squeeze misses the yak.
The yak is almost dead.
The yak gores you.
* * * LOW HITPOINT WARNING * * *
You barely miss the yak. You squeeze the yak.
The yak is almost dead.
The yak gores you!
* * * LOW HITPOINT WARNING * * *
You tentacle-slap the yak.
The yak is almost dead.
The yak is no longer distracted by gold.
The yak gores you!
You die...
Your body crumbles into a pile of gold.

....# #..................
....# #.##.#.....########
....# #.##.#.....# #
....#####....#.#####+###
.. ..........####.#
#.....#... ....#######
#.# #........# ..#####
#.. +......... ......#
####.......Y# #.....#####
#.hYY#.#....# ..##.<....#
#.##.#... ..#
.....####.#####.##.###...
# .###.##.........##.#
....#
.....#############.# ...#
.##### #.# ... ## #.. ...
###


You could see 2 yaks.

Vanquished Creatures
  A troll (D:7)
  A wyvern (D:7)
  3 yaks
  A water moccasin (D:7)
  2 orc warriors
  4 sky beasts
  5 black bears
  2 ogres
  4 kobold brigands
  2 bullfrogs
  A gnoll sergeant (D:7)
  5 scorpions
  18 wights
  4 electric eels (D:6)
  2 bombardier beetles
  A jelly (D:6)
  4 orc priests
  2 hounds
  A sleepcap (D:5)
  2 gnoll boudas (D:7)
  5 iguanas
  2 orc wizards
  15 gnolls
  6 adders
  3 shadow imps
  A white imp (D:7)
  3 ufetubi
  4 dart slugs
  A ribbon worm (D:2)
  24 orcs
  4 ball pythons
  3 bats
  4 endoplasms
  A giant cockroach (D:4)
  6 goblins
  8 hobgoblins
  2 quokkas
  4 frilled lizards (D:1)
  11 kobolds
  3 rats
175 creatures vanquished.

Notes
Turn   | Place    | Note
-------+----------+-------------------------------------------
     0 | D:1      | timneilson the Octopode Shapeshifter began the quest for
                  | the Orb.
     0 | D:1      | Reached XP level 1. HP: 13/13 MP: 1/1
   186 | D:1      | Reached XP level 2. HP: 14/18 MP: 2/2
   340 | D:1      | Reached skill level 1 in Stealth
   477 | D:1      | Reached XP level 3. HP: 23/23 MP: 3/3
  1345 | D:2      | Reached XP level 4. HP: 29/29 MP: 4/4
  2015 | D:3      | Found a runed translucent door.
  2016 | D:3      | Noticed Crazy Yiuf
  2669 | D:4      | Noticed a black bear
  2752 | D:4      | Found a radiant altar of Vehumet.
  2778 | D:4      | Reached XP level 5. HP: 22/34 MP: 5/5
  2974 | D:4      | Found a staircase to the Ecumenical Temple.
  2998 | Temple   | Entered the Ecumenical Temple
  3097 | D:4      | Killed a black bear
  3098 | D:4      | Reached XP level 6. HP: 26/41 MP: 6/6
  3110 | D:4      | Identified the +7 whip "Gyekuti" {speed, rPois rF+ Stlth+}
  3848 | D:5      | Entered Level 5 of the Dungeon
  3866 | D:5      | Reached XP level 7. HP: 27/46 MP: 2/7
  4522 | D:5      | Reached skill level 1 in Evocations
  4750 | D:6      | Reached skill level 5 in Unarmed Combat
  4750 | D:6      | Reached XP level 8. HP: 54/54 MP: 8/8
  5031 | D:6      | Reached skill level 5 in Shapeshifting
  5172 | D:6      | Reached skill level 5 in Dodging
  5566 | D:6      | Reached skill level 5 in Fighting
  5704 | D:6      | Reached XP level 9. HP: 61/61 MP: 9/9
  6051 | D:7      | Noticed a troll
  6135 | D:7      | Reached skill level 5 in Stealth
  6307 | D:7      | Found a basalt altar of Yredelemnul.
  6308 | D:7      | Found an opulent altar of Gozag.
  6481 | D:7      | Identified the +5 quarterstaff "Elixublu" {flame, +Blink}
  6483 | D:7      | Became a worshipper of Gozag Ym Sagoz the Greedy
  7149 | D:7      | Killed a troll
  7194 | D:7      | Reached XP level 10. HP: 68/68 MP: 10/10
  7304 | D:7      | You fall into a shaft and drop 2 floors!
  7436 | D:8      | Found Votexaergh's Assorted Antiques.
  7445 | D:8      | Bought a wavering bronze ring for 130 gold pieces
  7445 | D:8      | Identified the ring of Ephemeral Luck {Wiz *Slow rN+++ MP-9
                  | Int+5} (You bought it in a shop on level 8 of the Dungeon)
  7455 | D:7      | Found Xunu's Magic Scroll Shop.
  7455 | D:7      | Found Punkopham's Book Boutique.
  7458 | D:7      | Bought a scroll of identify for 26 gold pieces
  7458 | D:7      | Bought a scroll of identify for 26 gold pieces
  8446 | D:8      | Slain by a yak

Illustrated notes

Levels and vault maps discovered:
D:1:      scummos_arrival_simple_fountains, layout_basic
D:2:      layout_loops_corners
D:3:      layout_loops_cross, uniq_crazy_yiuf_cottage
D:4:      layout_loops_corners, lemuel_round_altar, temple_statues,
          grunt_ministairs_2
D:5:      layout_rooms
D:6:      layout_loops_ring, serial_bayou, serial_bayou_pond_a,
          serial_bayou_lake_a, serial_bayou_pond_b, serial_bayou_pond_e,
          serial_bayou_shore_b, serial_bayou_shore_b
D:7:      cheibrodos_fzero, layout_loops_cross,
          mainiacjoe_overflow_catwalk_spiral, serial_shops, shop,
          nicolae_take_the_stairs, kennysheep_doodads, nrook_uturn
D:8:      layout_basic, serial_shops, nicolae_shop_advertising_works
          [nicolae_subvault_shop_adworks], serial_bayou_crossing
D:9:      layout_roguey
Temple:   nicolae_temple_two_arcs

Skill      XL: |  1  2  3  4  5  6  7  8  9 10 |
---------------+-------------------------------+-----
Stealth        | 1 2 3 4 6 |  6.8
Fighting       | 2 3 4 5 6 |  6.9
Dodging        | 3 4 5 6 7 |  7.1
Unarmed Combat | 4 5 6 7 |  7.6
Shapeshifting  | 4 5 6 7 |  7.0
Evocations     | 1 2 3 4 |  4.3

Action                     |  1- 3 |  4- 6 |  7- 9 | 10-12 || total
---------------------------+-------+-------+-------+-------++-------
  Melee: Unarmed           |    52 |    78 |   200 |    96 ||   426
         Constrict         |    13 |    18 |    43 |    27 ||   101
         Tentacles         |    10 |    12 |    42 |    24 ||    88
         Punch             |     1 |     1 |    14 |     9 ||    25
  Throw: Dart              |       |     7 |    14 |       ||    21
  Evoke: Wand              |       |       |    11 |       ||    11
    Use: Scroll            |     2 |     4 |     3 |     7 ||    16
   Stab: Sleeping          |     5 |     8 |     6 |     5 ||    24
         Distracted        |       |     1 |     2 |     3 ||     6
 Armour: Skin              |    20 |    29 |    87 |    29 ||   165
  Dodge: Dodged            |    20 |    37 |   103 |    33 ||   193

Table legend: (Time is in decaauts)
 A = Elapsed time spent in this place.
 B = Non-inter-level travel time spent in this place.
 C = Inter-level travel time spent in this place.
 D = Time resting spent in this place.
 E = Time spent auto-exploring this place.
 F = Levels seen in this place.
 G = Mean time per level.
                   A        B        C        D        E       F      G
               +--------+--------+--------+--------+--------+-----+--------+
         Total |   8400 |   8151 |    249 |   1507 |   4780 |  10 |  840.0 |
       Dungeon |   8398 |   8149 |    249 |   1507 |   4780 |   9 |  933.1 |
        Temple |      1 |      1 |      0 |      0 |      0 |   1 |    1.0 |
               +--------+--------+--------+--------+--------+-----+--------+

Top non-repeatable levels by time:
     D:7: 1798 daAuts
     D:6: 1477 daAuts
     D:4: 1314 daAuts
     D:2: 1023 daAuts
     D:3: 834 daAuts
     D:1: 813 daAuts
     D:5: 594 daAuts
     D:8: 473 daAuts
     D:9: 68 daAuts
  Temple: 1 daAuts
